Map: Tokamak LE

Players

Lambo

  • Race: Zerg Zerg
  • Spawn Location: 1:00

ShoWTimE - Winner!

  • Race: Protoss Protoss
  • League: Grandmaster
  • Spawn Location: 7:00

Event: HomeStory Cup XXVII

VOD

Have the link to the VOD?

Description

Time

  • Played on: June 29, 2025, 6:28 a.m.
  • Length: 19:37

All games in this series

Show
View Real Time Build Order
Export as new Build Order

Lambo Zerg 

Build Orders: Hatch First, Lurkers 

Get SALT Encoding   

  12  0:00  Drone  
  13  0:09  Drone  
  14  0:14  Drone, Extractor  
  15  0:34  Hatchery  
  14  0:39  Extractor  
  14  0:40  Drone  
  15  0:46  Overlord  
  18  1:04  Drone x3  
  18  1:11  Spawning Pool  
  17  1:15  Drone  
  17  1:18  Extractor  
  17  1:27  Drone  
  18  1:37  Drone  
  19  1:46  Drone  
  20  1:47  Drone  
  21  1:56  Drone  
  21  1:58  Queen x2  
  21  2:01  Overlord  
  26  2:07  Zergling x2  
  27  2:09  Drone  
  28  2:19  Drone  
  28  2:20  Drone  
  28  2:21  Metabolic Boost  
  30  2:29  Drone  
  32  2:30  Drone  
  32  2:40  Drone, Hatchery  
  32  2:45  Overlord  
  32  2:50  Queen  
  34  2:53  Drone  
  34  2:56  Drone  
  36  3:05  Overlord  
  36  3:06  Drone  
  36  3:09  Drone x4  
  41  3:13  Spore Crawler  
  41  3:17  Overlord  
  41  3:21  Drone x3  
  41  3:25  Queen  
  46  3:30  Spore Crawler  
  46  3:32  Overlord  
  45  3:37  Queen  
  45  3:41  Spore Crawler  
  46  3:43  Overlord  
  46  3:46  Drone  
  47  3:49  Drone x3  
  47  3:54  Drone x3  
  53  3:58  Overlord  
  53  4:00  Zergling x2  
  54  4:04  Drone  
  54  4:06  Drone x2  
  57  4:10  Zergling x4  
  57  4:11  Drone  
  57  4:13  Drone  
  60  4:20  Drone x4  
  60  4:22  Drone  
  62  4:24  Drone  
  62  4:30  Drone  
  64  4:33  Drone  
  64  4:34  Lair  
  64  4:36  Drone  
  66  4:38  Drone  
  66  4:41  Extractor  
  66  4:43  Hatchery  
  66  4:44  Drone x2  
  66  4:45  Drone  
  66  4:48  Zergling x2  
  66  4:50  Drone x3  
  71  4:53  Drone x2  
  71  4:56  Drone  
  71  4:59  Drone  
  75  5:00  Baneling Nest, Extractor  
  75  5:03  Evolution Chamber  
  75  5:05  Drone  
  75  5:06  Queen  
  76  5:09  Overlord, Spore Crawler  
  76  5:10  Zergling x4  
  76  5:13  Zergling x6  
  79  5:17  Zergling x2  
  79  5:18  Zergling x2  
  80  5:25  Queen  
  80  5:26  Overlord x3, Extractor  
  81  5:30  Zerg Melee Weapons Level 1  
  81  5:34  Drone, Hydralisk Den  
  81  5:38  Overlord  
  81  5:44  Overlord  
  81  5:45  Drone x3  
  81  5:46  Drone x3  
  87  5:50  Zergling x6  
  89  5:57  Zergling x6  
  92  6:04  Spine Crawler  
  92  6:06  Hydralisk x6  
  102  6:11  Hydralisk x2  
  102  6:17  Evolution Chamber  
  105  6:18  Hydralisk  
  105  6:19  Zergling x8  
  105  6:20  Evolution Chamber  
  105  6:22  Evolution Chamber  
  105  6:24  Hydralisk, Zergling x4  
  114  6:29  Hydralisk x2  
  114  6:30  Zergling x2  
  116  6:34  Hydralisk  
  116  6:35  Zergling x2  
  116  6:37  Zergling x8  
  120  6:41  Zergling x6  
  117  6:47  Muscular Augments  
  117  6:48  Hydralisk  
  117  6:49  Drone x4  
  117  6:53  Overlord  
  117  6:54  Drone  
  122  6:55  Drone  
  122  6:59  Extractor x2  
  122  7:00  Drone x2  
  123  7:02  Drone, Zerg Missile Weapons Level 1  
  123  7:04  Drone x3  
  123  7:07  Drone  
  128  7:10  Infestation Pit  
  128  7:13  Drone x3  
  130  7:21  Drone x3  
  133  7:23  Extractor  
  133  7:24  Extractor  
  133  7:26  Drone  
  133  7:27  Drone x3  
  133  7:29  Spore Crawler  
  134  7:38  Hydralisk  
  134  7:40  Overlord x2  
  136  7:48  Hive  
  136  7:51  Lurker Den  
  135  7:53  Overlord  
  135  7:56  Hydralisk  
  137  7:58  Drone x3  
  137  7:59  Drone x3  
  137  8:01  Drone x3, Spine Crawler  
  137  8:05  Pneumatized Carapace  
  142  8:06  Drone x2  
  142  8:07  Hydralisk x2, Zergling x2  
  142  8:08  Zergling x4  
  142  8:09  Grooved Spines  
  151  8:13  Overlord x2  
  151  8:19  Drone x2  
  153  8:21  Hydralisk x3  
  159  8:28  Hatchery  
  159  8:30  Overlord  
  159  8:31  Queen  
  159  8:34  Queen  
  160  8:36  Hydralisk x5  
  172  8:41  Hydralisk  
  172  8:47  Hydralisk x4  
  182  8:57  Overlord  
  182  8:59  Overlord  
  182  9:01  Seismic Spines  
  182  9:04  Zerg Missile Weapons Level 2  
  182  9:06  Nydus Network  
  182  9:09  Overlord  
  183  9:10  Overlord  
  183  9:14  Lurker x2  
  183  9:19  Overseer  
  183  9:21  Lurker x2  
  185  9:25  Lurker x3, Overseer  
  185  9:27  Overlord  
  184  9:45  Zergling x6  
  187  9:47  Lurker x5  
  192  9:53  Zergling x16  
  197  10:00  Drone x3, Spire  
  197  10:06  Nydus Canal  
  199  10:12  Overseer  
  199  10:16  Overlord  
  197  10:24  Extractor  
  197  10:25  Extractor  
  197  10:28  Hydralisk, Zergling x22  
  199  10:34  Nydus Canal  
  169  10:39  Zergling x58  
  175  10:43  Hydralisk x3  
  175  10:45  Queen x3  
  178  10:52  Nydus Canal  
  178  10:55  Hydralisk x8  
  173  11:01  Hydralisk x3  
  162  11:07  Drone x2  
  164  11:11  Adrenal Glands  
  164  11:12  Zerg Melee Weapons Level 2  
  164  11:13  Hydralisk x6  
  172  11:20  Zerg Flyer Weapons Level 1  
  172  11:22  Hatchery, Nydus Canal  
  172  11:24  Hydralisk x2  
  159  11:26  Zergling x2  
  159  11:27  Zergling x10  
  158  11:33  Zergling x6  
  158  11:34  Spine Crawler  
  161  11:40  Drone x2, Queen  
  161  11:42  Queen  
  165  11:49  Nydus Canal  
  165  11:50  Overseer  
  165  11:54  Lurker x4  
  165  11:55  Overseer, Hatchery  
  165  11:58  Drone  
  169  12:02  Lurker x2  
  169  12:05  Nydus Canal  
  150  12:23  Corruptor  
  150  12:24  Corruptor x4  
  150  12:25  Overseer  
  150  12:27  Drone x7  
  167  12:34  Corruptor x3  
  167  12:37  Zergling x20  
  177  12:43  Zergling x2, Unknown  
  171  12:45  Nydus Canal  
  171  12:49  Hydralisk x6  
  174  13:02  Hydralisk x5  
  174  13:05  Corruptor  
  172  13:09  Corruptor  
  172  13:12  Corruptor  
  174  13:17  Extractor  
  174  13:19  Corruptor  
  175  13:23  Lurker  
  174  13:30  Lurker  
  174  13:31  Zergling x2  
  174  13:32  Zergling x24  
  187  13:34  Hatchery  
  187  13:35  Corruptor  
  187  13:39  Overseer  
  187  13:40  Zergling x6  
  190  13:46  Corruptor  
  192  13:50  Overlord  
  192  13:52  Overlord  
  192  14:00  Corruptor x2  
  196  14:07  Spore Crawler  
  196  14:08  Lurker x2  
  196  14:09  Spine Crawler  
  192  14:23  Corruptor  
  192  14:24  Hydralisk x2  
  174  14:25  Zergling x22  
  189  14:43  Lurker x8  
  194  14:50  Drone  
  194  14:51  Drone x2  
  197  14:53  Extractor  
  197  14:57  Hatchery  
  192  15:03  Zergling x16  
  192  15:06  Overlord  
  200  15:07  Lurker  
  200  15:11  Zergling x10  
  200  15:21  Overlord  
  197  15:22  Overlord  
  192  15:35  Hydralisk x3  
  192  15:36  Hydralisk  
  184  15:46  Hydralisk x8  
  185  15:52  Lurker x5  
  190  16:10  Hydralisk x4  
  194  16:16  Hydralisk  
  194  16:17  Hydralisk  
  192  16:24  Hydralisk x3  
  164  16:28  Zergling x6  
  155  16:33  Zergling x8  
  155  16:39  Lurker x4  
  161  16:40  Lurker x2  
  163  16:52  Hatchery  
  163  16:53  Lurker x4  
  166  16:57  Lurker x3  
  169  17:03  Hydralisk x2  
  173  17:08  Hydralisk x2  
  177  17:21  Hydralisk x3  
  183  17:25  Overseer  
  183  17:30  Hydralisk x3  
  183  17:34  Drone x4  
  183  17:37  Corruptor  
  193  17:42  Hydralisk x2  
  193  17:43  Lurker  
  193  17:44  Extractor  
  193  17:52  Hydralisk x2  
  194  18:04  Hydralisk x7  
  194  18:05  Zergling x4  
  186  18:13  Extractor x2  
  186  18:19  Zergling x8  
  183  18:25  Hydralisk x2, Hatchery  
  184  18:33  Corruptor x2  
  174  18:40  Nydus Canal  
  174  18:52  Lurker x5  
  153  19:12  Zergling x24  
Show
View Real Time Build Order
Export as new Build Order

ShoWTimE Protoss - Winner!

Build Orders: 1 Gate Expand, Oracle Opening 

Get SALT Encoding   

  12  0:00  Probe  
  13  0:12  Probe  
  14  0:18  Pylon  
  14  0:24  Probe  
  14  0:27  Assimilator  
  15  0:32  Probe  
  15  0:40  Probe  
  16  0:46  Gateway  
  17  0:50  Probe  
  18  1:02  Probe  
  19  1:15  Probe  
  20  1:21  Nexus  
  20  1:27  Probe  
  21  1:34  Cybernetics Core  
  21  1:40  Assimilator  
  21  1:42  Probe  
  22  1:49  Pylon  
  22  1:55  Probe  
  23  2:04  Probe  
  24  2:10  Adept  
  24  2:12  Probe  
  24  2:13  Stargate  
  26  2:18  Warp Gate  
  26  2:21  Probe  
  28  2:30  Probe  
  28  2:33  Probe  
  30  2:37  Stalker  
  30  2:38  Probe  
  33  2:45  Probe  
  33  2:47  Oracle  
  33  2:48  Probe  
  35  2:57  Probe  
  39  3:00  Probe  
  39  3:01  Pylon  
  40  3:09  Probe  
  40  3:12  Probe  
  42  3:14  Oracle  
  42  3:21  Probe  
  42  3:24  Probe  
  47  3:34  Probe  
  48  3:35  Nexus  
  48  3:36  Probe  
  49  3:42  Gateway  
  49  3:46  Probe  
  51  3:48  Probe  
  51  3:50  Pylon  
  51  3:58  Probe  
  51  4:00  Probe  
  51  4:02  Forge, Twilight Council  
  53  4:05  Protoss Ground Weapons Level 1  
  53  4:10  Stalker  
  53  4:11  Probe  
  53  4:12  Probe  
  53  4:14  Charge  
  53  4:15  Pylon  
  57  4:23  Probe  
  58  4:24  Probe  
  58  4:27  Gateway  
  58  4:31  Gateway  
  59  4:35  Probe  
  60  4:42  Gateway  
  60  4:43  Probe  
  60  4:44  Gateway  
  61  4:47  Probe  
  61  4:49  Probe  
  61  4:51  Stalker  
  65  4:53  Stalker  
  65  4:55  Probe  
  65  4:59  Probe  
  69  5:00  Pylon  
  69  5:01  Probe  
  70  5:07  Probe  
  70  5:11  Probe  
  72  5:17  Zealot x2  
  72  5:18  Probe  
  72  5:20  Pylon  
  77  5:23  Zealot  
  77  5:26  Zealot  
  77  5:28  Pylon, Probe x2  
  83  5:36  Zealot  
  83  5:37  Zealot x3  
  83  5:38  Pylon, Probe  
  83  5:40  Probe  
  83  5:41  Shield Battery  
  93  5:42  Assimilator  
  93  5:43  Assimilator  
  93  5:49  Probe  
  94  5:50  Protoss Ground Weapons Level 2  
  94  5:54  Blink  
  94  5:59  Zealot x6  
  106  6:05  Pylon, Probe  
  106  6:09  Probe  
  108  6:12  Probe  
  108  6:14  Assimilator  
  108  6:18  Probe, Assimilator  
  109  6:19  Pylon  
  109  6:21  Probe  
  111  6:30  Zealot x6  
  95  6:51  Pylon  
  95  6:53  Templar Archives  
  93  6:55  Zealot x6  
  93  6:59  Probe x2, Robotics Facility  
  107  7:07  Gateway  
  107  7:08  Gateway, Photon Cannon  
  107  7:12  Gateway  
  107  7:14  Gateway  
  107  7:18  Psionic Storm  
  107  7:19  Pylon  
  107  7:21  Nexus  
  107  7:23  Pylon  
  107  7:29  High Templar x4  
  115  7:33  Probe x3  
  118  7:38  Photon Cannon  
  118  7:40  Photon Cannon  
  118  7:45  Probe x3  
  118  7:46  Zealot x2  
  125  7:54  Pylon  
  125  8:00  Observer  
  125  8:01  Fleet Beacon  
  125  8:02  Stargate, Zealot x3  
  125  8:04  Probe x2  
  134  8:08  Probe  
  134  8:09  Assimilator  
  134  8:11  Protoss Ground Weapons Level 3, Assimilator  
  135  8:13  Pylon  
  135  8:16  High Templar x2  
  135  8:17  Warp Prism  
  139  8:24  Probe x2  
  143  8:29  Pylon  
  143  8:42  Zealot x3, Tempest  
  143  8:46  Tempest  
  143  8:47  Zealot  
  143  8:48  Zealot  
  153  8:51  Immortal  
  165  9:08  Photon Cannon  
  165  9:09  Photon Cannon  
  165  9:11  Shield Battery  
  165  9:14  Protoss Air Weapons Level 1  
  165  9:24  Immortal  
  165  9:25  Tempest  
  165  9:26  Pylon  
  165  9:29  Tempest  
  177  9:43  Robotics Facility  
  177  9:45  Pylon  
  167  9:57  Pylon, High Templar x4  
  167  9:58  Zealot x4  
  183  10:01  Gateway  
  183  10:03  Gateway, Archon x2  
  183  10:07  Tempest  
  183  10:08  Photon Cannon  
  186  10:24  Zealot x3  
  186  10:25  Zealot  
  182  10:35  Zealot x4  
  162  10:41  Mothership  
  145  10:49  Zealot x6  
  150  10:56  Probe x2  
  147  10:57  Probe  
  147  10:58  Zealot x4  
  147  11:02  Protoss Shields Level 1  
  147  11:08  Probe x2  
  147  11:09  Probe  
  147  11:10  Stalker x6  
  160  11:19  Zealot x2  
  160  11:20  Probe x2  
  160  11:21  Probe  
  160  11:24  Archon  
  167  11:26  Zealot x2  
  167  11:31  Observer  
  167  11:32  Probe x2  
  174  11:33  Probe  
  174  11:37  High Templar x3  
  174  11:38  Protoss Air Weapons Level 2, High Templar x3  
  187  11:44  Probe x2  
  189  11:49  Immortal x2, Photon Cannon  
  189  11:50  Photon Cannon  
  189  11:53  Probe  
  198  12:04  Photon Cannon  
  194  12:21  Zealot x5  
  200  12:47  Immortal x2  
  200  12:56  Pylon  
  194  13:01  High Templar x2  
  198  13:06  Archon  
  198  13:07  High Templar  
  198  13:12  High Templar  
  200  13:16  Archon  
  190  13:22  Protoss Shields Level 2, Photon Cannon  
  190  13:23  Photon Cannon  
  190  13:24  Photon Cannon  
  190  13:25  Shield Battery  
  176  13:27  Shield Battery, High Templar x2  
  176  13:29  Pylon  
  176  13:31  Immortal  
  176  13:32  Nexus  
  176  13:33  Pylon  
  184  13:34  Forge  
  184  13:38  Cybernetics Core  
  184  13:40  Immortal  
  188  13:43  Zealot x6  
  200  13:51  Photon Cannon  
  200  13:53  Photon Cannon  
  200  13:54  Photon Cannon  
  196  13:57  Photon Cannon  
  194  14:08  Tempest  
  198  14:18  Mothership  
  186  14:27  Zealot x3  
  200  14:33  Oracle  
  200  14:35  Photon Cannon  
  200  14:36  Photon Cannon  
  200  14:39  Assimilator  
  200  14:43  Assimilator  
  200  14:48  Photon Cannon, Protoss Air Weapons Level 3  
  200  14:52  Protoss Air Armor Level 1  
  200  14:53  Photon Cannon  
  200  14:57  Photon Cannon  
  200  14:59  Nexus  
  200  15:02  Pylon  
  200  15:18  Unknown  
  181  15:43  High Templar x8  
  181  15:44  Zealot x2  
  178  15:51  Archon x2  
  178  15:53  Immortal x2  
  186  16:01  Tempest x2  
  192  16:07  Zealot x2  
  192  16:15  Zealot x5  
  192  16:16  Zealot x2  
  168  16:27  High Templar x3  
  168  16:32  Observer x2, Archon  
  161  16:36  Nexus  
  162  16:41  Robotics Bay  
  162  16:44  Photon Cannon  
  162  16:46  Photon Cannon  
  162  16:52  High Templar x2, Photon Cannon  
  162  16:53  Photon Cannon, High Templar x5  
  176  16:55  Photon Cannon  
  176  16:56  Stalker x2  
  176  16:57  Archon  
  176  16:58  Pylon, Archon x2  
  180  17:01  Probe x2  
  180  17:02  Probe x2  
  180  17:03  Probe  
  183  17:10  High Templar, Zealot x2  
  183  17:13  Probe  
  183  17:14  Probe x2  
  192  17:20  Gravitic Boosters  
  192  17:23  Zealot x2  
  192  17:25  Zealot x2  
  192  17:28  Protoss Ground Armor Level 1  
  200  17:37  Photon Cannon  
  200  17:39  Photon Cannon  
  200  17:42  Assimilator  
  181  18:17  High Templar x7  
  191  18:21  Archon x3  
  189  18:29  Tempest  
  185  18:42  Nexus  
  185  18:48  Nexus  
  189  18:58  Pylon  
Tags
 
Add a new tag
Caveats
  • Supply blocks, unpowered buildings, or Contaminate may cause inaccurate times.
  • Supply counts are checked every 10 seconds.